 Dungeon Crawl Stone Soup version 0.22.1-2-g9c5b331 (webtiles) character file.

305092 Fang the Slayer (level 21, 0/149 HPs)
             Began as a Gargoyle Berserker on Nov 16, 2018.
             Was the Champion of Trog.
             Slain by an acid blob (29 damage)
             ... on level 6 of the Lair of Beasts on Nov 19, 2018.
             The game lasted 01:43:47 (48750 turns).

Fang the Slayer (Gargoyle Berserker)               Turns: 48750, Time: 01:43:48

Health: 0/149      AC: 22    Str: 25    XL:     21   Next: 13%
Magic:  21/21      EV: 12    Int:  7    God:    Trog [******]
Gold:   3359       SH:  0    Dex: 20    Spells: 20/20 levels left

rFire    . . .     SeeInvis +   K - +10 hand axe of Putrescence {flame, rPois rC++ Str-5 Stlth-}
rCold    + + .     Gourm    .   (no shield)
rNeg     + . .     Faith    .   l - +2 plate armour of the Game of Life {MR++}
rPois    ∞         Spirit   .   k - +2 helmet
rElec    +         Reflect  .   Y - +0 cloak of the Eight Ghosts {Str+2}
rCorr    .         Harm     .   (no gloves)
MR       ++++.     Clarity  +   I - +2 pair of boots
Stlth    ..........             E - amulet of the acrobat
HPRegen  0.34/turn              S - ring of Ditillith {+Blink Str-4 Dex+8 SInv}
MPRegen  0.17/turn              i - ring of the Establishment {MR+ Dex+3}

@: about to teleport, corroded, berserk cooldown, flying, slowed, studying
Unarmed Combat, very slow
A: big wings, hooves 1, clarity, dopey 1, negative energy resistance 1,
electricity resistance, strong 1, unbreathing, petrification resistance, rot
immunity, subdued magic 1, AC +16
}: 2/15 runes: serpentine, barnacled
a: Stop Flying, Berserk, Trog's Hand, Brothers in Arms, Renounce Religion, Evoke
Blink


You were on level 6 of the Lair of Beasts.
You worshipped Trog.
Trog was exalted by your worship.
You were near starving.

You visited 9 branches of the dungeon, and saw 37 of its levels.
You also visited: Labyrinth and Ossuary.

You collected 4668 gold pieces.
You spent 1309 gold pieces at shops.

Inventory:

Hand Weapons
 p - a +8 battleaxe of electrocution
 t - the +9 battleaxe of Nealot {venom, rElec rF++ Str+4 Int-5}
   (You found it on level 15 of the Dungeon)

   It poisons the flesh of those it strikes.
   It affects your strength (+4).
   It affects your intelligence (-5).
   It greatly protects you from fire.
   It insulates you from electricity.
 F - a +7 antimagic broad axe
 J - a +4 battleaxe of chopping
 K - the +10 hand axe of Putrescence (weapon) {flame, rPois rC++ Str-5 Stlth-}
   (You took it off an orc wizard on level 9 of the Dungeon)

   It has been specially enchanted to burn those struck by it, causing extra
   injury to most foes and up to half again as much damage against particularly
   susceptible opponents.
   Big, fiery blades are also staple armaments of hydra-hunters.
   It affects your strength (-5).
   It greatly protects you from cold.
   It protects you from poison.
   It makes you less stealthy.
 R - the +5 executioner's axe "Tukomm" {venom, rC+ Str+2 Int+4 Dex+2}
   (Trog gifted it to you on level 2 of the Shoals)

   It poisons the flesh of those it strikes.
   It affects your strength (+2).
   It affects your intelligence (+4).
   It affects your dexterity (+2).
   It protects you from cold.
 Z - a +1 executioner's axe of holy wrath
Armour
 k - a +2 helmet (worn)
 l - the +2 plate armour of the Game of Life (worn) {MR++}
   (You took it off a minotaur in a labyrinth)

   It affects your resistance to hostile enchantments.
 y - the +11 plate armour "Piqow" {Regen+}
   (You found it on level 4 of the Dungeon)

   It increases your rate of regeneration.
 I - a +2 pair of boots (worn)
 Y - the +0 cloak of the Eight Ghosts (worn) {Str+2}
   (You found it on level 4 of the Shoals)

   It affects your strength (+2).
Jewellery
 i - the ring of the Establishment (right hand) {MR+ Dex+3}
   (You took it off a minotaur in a labyrinth)

   [ring of protection from magic]

   It affects your dexterity (+3).
   It affects your resistance to hostile enchantments.
 w - an uncursed ring of fire {unknown}
 E - an amulet of the acrobat (around neck)
 S - the ring of Ditillith (left hand) {+Blink Str-4 Dex+8 SInv}
   (You found it on level 1 of the Lair of Beasts)

   [ring of see invisible]

   It affects your strength (-4).
   It affects your dexterity (+8).
   It lets you see invisible.
   It lets you blink.
 T - the ring "Rofon" {rN+ Dex+6}
   (You found it on level 2 of the Snake Pit)

   [ring of dexterity]

   It affects your dexterity (+6).
   It protects you from negative energy.
 U - the ring of Hoff {+Fly rElec rC+}
   (You found it on level 4 of the Shoals)

   [ring of flight]

   It protects you from cold.
   It insulates you from electricity.
   It lets you fly.
 X - a +3 ring of intelligence
Wands
 a - a wand of clouds (9)
 b - a wand of paralysis (85)
 r - a wand of scattershot (8)
 s - a wand of polymorph (44)
 A - a wand of random effects (126)
 O - a wand of acid (9)
 P - a wand of disintegration (5)
 Q - a wand of flame (156)
 V - a wand of iceblast (17)
 W - a wand of digging (8)
Scrolls
 d - 2 scrolls of brand weapon
 e - 5 scrolls of magic mapping
 j - 8 scrolls of enchant armour
 m - 3 scrolls of teleportation
 q - 24 scrolls of remove curse
 B - 3 scrolls of fog
 C - a scroll of holy word
 H - 4 scrolls of fear
 M - 8 scrolls of identify
 N - 3 scrolls of blinking
Potions
 f - a potion of heal wounds
 g - a potion of berserk rage
 h - 3 potions of haste
 n - 7 potions of brilliance
 o - 12 potions of curing
 u - 3 potions of might
 v - 2 potions of invisibility
 x - 3 potions of magic
 z - 3 potions of cancellation
 D - 2 potions of resistance
 L - 7 potions of agility
Books
 G - a manual of Unarmed Combat
Comestibles
 c - 46 rations


   Skills:
 + Level 21.4 Fighting
 + Level 20.8 Axes
 + Level 19.0 Armour
 + Level 5.8 Dodging
 + Level 4.3 Stealth


You had 20 spell levels left.
You didn't know any spells.
Your spell library was empty.

Dungeon Overview and Level Annotations

Branches:
Dungeon (15/15)            Temple (1/1) D:4            Lair (6/6) D:9
 Shoals (4/4) Lair:2        Snake (4/4) Lair:3        Slime (1/5) Lair:6
    Orc (2/2) D:9             Elf (3/3) Orc:2        Vaults (0/5) D:14
 Depths (1/5) D:15

Altars:
Ashenzari
Fedhas
Gozag
Kikubaaqudgha
Nemelex Xobeh
Ru
Sif Muna
Uskayaw
Vehumet
Xom
Yredelemnul
Zin
The Shining One
Beogh

Shops:
D:9 *   D:11 *   Orc:2 ?[[}   Elf:3 [

Portals:
Pandemonium: Depths:1
Trove: D:14 (give 17 scrolls of teleportation)

Annotations:
Lair:1 exclusion: oklob plant
Shoals:3 exclusion: Roxanne, Roxanne
Elf:3 3 runed doors, exclusion: obsidian statue, topirishpotato's ghost, adept GrFi


Innate Abilities, Weirdness & Mutations

You are resistant to torment.
Your stone body is resilient. (AC +16)
You are immune to poison.
Your large and strong wings let you fly indefinitely.
You resist negative energy. (rN+)
You are resistant to electric shocks. (rElec)
You can survive without breathing.
You are immune to petrification.
You are immune to rotting.
You have large cloven feet.
You possess an exceptional clarity of mind.
You are dopey. (Int -2)
Your muscles are strong. (Str +2)
Your spells are a little easier to cast, but a little less powerful.


Message History

The acid blob hits you!
* * * LOW HITPOINT WARNING * * *
You are splashed with acid!
The acid burns!
* * * LOW HITPOINT WARNING * * *
The azure jelly hits you but does no damage.
The azure jelly barely misses you.
The azure jelly hits you but does no damage.
The azure jelly closely misses you.
The very large slime creature closely misses you.
The slime creature misses you. x2
You feel a strong urge to attack something.
The very large slime creature completely misses you.
You feel your anger nearly subside.
You are no longer berserk.
You are exhausted.
You feel yourself slow down.
Two slime creatures merge to form an enormous slime creature.
You feel better.
As you read the scroll of teleportation, it crumbles to dust.
You feel strangely unstable. The acid blob hits you!!
You die...

.......##..P........#.P......P...
.....................(...........
P....[..........###...####.......
....#......##...###..#####.......
#..P......###......#.#...........
#.........# #..#..J....#.....)...
##P.......# #..#.##....##........
.######...####..#J.J>............
#...###...#.....@J#JJ..##.......P
...............###J..#...#.......
...............#...#....##.......
.............<.##..#.#.##........
(......#.......##.##.#####.......
....P#.#.....................#...
......#......................#P..
.......#....................###P.
.........................§P.###..


You could see an acid blob, an enormous slime creature and 2 slime creatures.

Vanquished Creatures
  Rupert (D:14)
  The ghost of Reucromp the Peltast, an adept MiFi of Okawaru (Elf:1)
  2 deep elf master archers (Elf:3)
  2 deep elf blademasters (Elf:3)
  Ilsuiw (Shoals:3)
  6 nagarajas (Snake:4)
  6 deep elf sorcerers
  A frost giant (Depths:1)
  6 deep elf elementalists (Elf:3)
  A large abomination (Elf:3)
  An entropy weaver (Lair:4)
  10 very ugly things (Depths:1)
  7 deep elf demonologists
  7 deep elf annihilators
  Nessos (Lair:6)
  A minotaur (Lab)
  4 merfolk javelineers
  2 ettins (Depths:1)
  8 deep elf death magi (Elf:3)
  5 merfolk impalers
  2 deep elf high priests
  A fire dragon (D:14)
  A great orb of eyes (Depths:1)
  10 hydras
  11 naga warriors
  The ghost of starlightdreams the Blocker, a journeyman MiBe of Trog (D:9)
  2 merfolk avatars (Shoals:4)
  Erolcha (Orc:2)
  A catoblepas (Lair:6)
  A rakshasa (Depths:1)
  9 anacondas
  7 centaur warriors
  An alligator snapping turtle (Shoals:4)
  2 merfolk aquamancers
  2 deep troll shamans (Depths:1)
  5 two-headed ogres
  4 satyrs
  2 death knights
  23 dancing weapons
  A tengu warrior (D:15)
  2 ogre magi
  A small abomination (Elf:2)
  4 deep troll earth magi
  An orc high priest (Elf:2)
  9 shock serpents
  2 sun demons (Depths:1)
  10 naga sharpshooters
  Urug (D:12)
  Sonja (D:10)
  9 skeletal warriors
  11 deep elf knights
  A fire crab (D:11)
  An iron troll (Depths:1)
  6 naga ritualists
  2 salamander mystics
  10 sea snakes
  An unseen horror (D:13)
  A deep troll (shapeshifter) (Elf:1)
  A flayed ghost (Depths:1)
  5 deep trolls (Depths:1)
  2 wizards (D:15)
  A lindwurm (Lair:6)
  10 deep elf archers
  2 orc knights (D:14)
  2 wolf spider zombies
  A harpy (shapeshifter) (Elf:1)
  A necromancer (D:15)
  19 harpies
  76 deep elf magi
  A wolf spider (D:14)
  9 mana vipers
  11 fauns
  6 manticores
  16 ugly things
  13 salamanders
  5 cyclopes
  10 orc sorcerers
  9 elephants
  8 merfolk sirens
  30 black mambas
  3 water nymphs
  2 torpor snails
  A guardian serpent (Snake:4)
  A rust devil (Depths:1)
  5 centaur skeletons
  15 naga magi
  3 rime drakes
  An orange demon (Depths:1)
  20 spiny frogs
  4 kobold demonologists (D:15)
  A gargoyle (D:15)
  6 komodo dragons
  6 yaktaurs
  A yaktaur (shapeshifter) (Elf:2)
  An ice devil (Depths:1)
  A tengu conjurer (D:15)
  2 freezing wraiths (D:14)
  2 red devils (Depths:1)
  3 trolls
  29 merfolk
  A queen bee (shapeshifter) (Elf:2)
  5 polar bears (Lair:6)
  2 jumping spiders (shapeshifter)
  5 hornets (Lair:6)
  4 wind drakes
  7 slime creatures
  17 blink frogs
  9 hippogriffs
  7 snapping turtles
  2 dream sheep (Lair:6)
  A centaur simulacrum (D:15)
  2 air elementals (Elf:1)
  16 spriggans (Lair:6)
  A spriggan (shapeshifter) (Elf:1)
  7 water elementals
  6 wyverns
  A vampire (D:15)
  2 wraiths
  52 yaks
  3 hogs (D:8)
  A human (D:8)
  A vampire mosquito (D:14)
  5 basilisks
  Eustachio (D:4)
  2 fire elementals
  A steam dragon (Lair:3)
  Menkaure (D:4)
  59 nagas
  Edmund (D:6)
  An acid dragon (D:14)
  A warg (Orc:1)
  16 soldier ants
  A swamp worm (shapeshifter) (D:15)
  11 water moccasins
  14 orc warriors
  7 porcupines
  4 black bears
  6 ice beasts
  2 hornet zombies
  3 sky beasts
  2 eyes of draining
  5 boggarts
  2 phantoms
  21 centaurs
  21 ogres
  28 wolves
  6 big kobolds
  6 crocodiles
  21 bullfrogs
  Blork the orc (D:4)
  An earth elemental (Elf:2)
  A scorpion (D:14)
  12 wights
  5 killer bees (D:12)
  An electric eel (Lair:1)
  A howler monkey (D:8)
  7 crimson imps
  2 bullfrog zombies
  A quasit (D:7)
  A centaur zombie (D:7)
  3 iron imps (Depths:1)
  17 jellies
  A gnoll shaman (D:6)
  15 orc priests
  3 bullfrog skeletons
  3 hounds
  4 iguanas
  37 orc wizards
  2 hell rats (Lair:2)
  26 worker ants
  A killer bee zombie (D:7)
  A big kobold zombie (Ossuary)
  3 hound skeletons
  4 mummies (Ossuary)
  A worker ant zombie (D:5)
  19 gnolls
  A howler monkey zombie (D:6)
  10 adders
  9 river rats
  6 shadow imps
  A white imp (Depths:1)
  2 oozes
  4 adder zombies
  4 worms
  A dart slug (D:1)
  8 leopard geckos
  82 orcs
  2 ball pythons (D:1)
  8 giant cockroaches
  A gnoll zombie (Ossuary)
  3 hobgoblins
  8 jackals
  3 quokkas
  16 bats
  6 frilled lizards
  9 goblins
  2 goblin zombies (Ossuary)
  2 hobgoblin zombies (Ossuary)
  A jackal zombie (Ossuary)
  13 kobolds
  2 kobold zombies (Ossuary)
  A leopard gecko skeleton (D:5)
  2 quokka skeletons
  17 rats
  A rat zombie (Ossuary)
  5 fungi
  10 plants
1391 creatures vanquished.

Vanquished Creatures (collateral kills)
  A frost giant (Depths:1)
  A fire giant (Depths:1)
  An entropy weaver (Lair:4)
  A naga warrior (Snake:4)
  2 anacondas (Snake:2)
  A centaur warrior (D:14)
  A two-headed ogre (Depths:1)
  A queen ant (Lair:4)
  2 dancing weapons (Elf:2)
  2 naga sharpshooters
  3 deep elf knights (Elf:2)
  A naga ritualist (Snake:2)
  3 ugly things (Depths:1)
  2 deep elf magi (Elf:2)
  3 black mambas (Snake:2)
  2 nagas
  A soldier ant (Lair:4)
  4 worker ants (Lair:4)
32 creatures vanquished.

Vanquished Creatures (others)
  A deep elf archer (Elf:3)
  A deep elf mage (Orc:2)
  A naga mage (Snake:3)
  A naga (Snake:4)
  An orc warrior (Elf:2)
  5 fungi
  5 plants
15 creatures vanquished.

Grand Total: 1438 creatures vanquished

Notes
Turn   | Place    | Note
-------+----------+-------------------------------------------
     0 | D:1      | Fang the Gargoyle Berserker began the quest for the Orb.
     0 | D:1      | Reached XP level 1. HP: 14/14 MP: 1/1
   333 | D:1      | Reached XP level 2. HP: 19/19 MP: 2/2
   793 | D:1      | Reached XP level 3. HP: 24/24 MP: 3/3
  1082 | D:2      | Found a shattered altar of Ashenzari.
  1222 | D:2      | Reached ** piety under Trog
  1870 | D:2      | Found a glowing golden altar of the Shining One.
  1974 | D:3      | Reached XP level 4. HP: 29/29 MP: 4/4
  2333 | D:3      | Reached skill level 4 in Fighting
  2333 | D:3      | Reached XP level 5. HP: 15/33 MP: 5/5
  2916 | D:4      | Reached *** piety under Trog
  3127 | D:4      | Reached XP level 6. HP: 38/38 MP: 6/6
  3131 | D:4      | Noticed Blork the orc
  3132 | D:4      | Noticed Menkaure
  3142 | D:4      | Killed Blork the orc
  3148 | D:4      | Killed Menkaure
  3148 | D:4      | Reached skill level 5 in Axes
  3272 | D:4      | Found a staircase to the Ecumenical Temple.
  3287 | Temple   | Entered the Ecumenical Temple
  3518 | D:4      | Reached XP level 7. HP: 43/44 MP: 7/7
  3658 | D:4      | Got a slimy plate armour
  3669 | D:4      | Identified the +11 plate armour "Piqow" {Regen+} (You found
                  | it on level 4 of the Dungeon)
  3670 | D:4      | Noticed Eustachio
  3718 | D:4      | Killed Eustachio
  3718 | D:4      | Reached skill level 5 in Fighting
  4070 | D:5      | Entered Level 5 of the Dungeon
  4225 | D:5      | Reached XP level 8. HP: 49/49 MP: 8/8
  4436 | D:5      | Reached **** piety under Trog
  5181 | D:6      | Reached XP level 9. HP: 55/55 MP: 9/9
  5246 | D:6      | Reached skill level 6 in Fighting
  5293 | D:6      | Noticed Edmund
  5308 | D:6      | Killed Edmund
  5446 | D:6      | Reached ***** piety under Trog
  6157 | D:7      | Reached skill level 10 in Axes
  6182 | D:7      | Reached skill level 5 in Armour
  6359 | D:7      | Found a shimmering altar of Xom.
  6383 | D:7      | You fall through a shaft for 2 floors!
  6389 | D:9      | Found a staircase to the Orcish Mines.
  6407 | D:9      | Reached skill level 7 in Fighting
  6407 | D:9      | Reached XP level 10. HP: 63/63 MP: 10/10
  6449 | D:9      | Noticed a two-headed ogre
  6463 | D:9      | Killed a two-headed ogre
  6550 | D:9      | Found a glowing silver altar of Zin.
  6554 | D:9      | Found a radiant altar of Vehumet.
  6559 | D:9      | Found a hide-covered altar of Uskayaw.
  6605 | D:9      | Got a crude hand axe {flame}
  6673 | D:9      | Identified the +10 hand axe of Putrescence {flame, rPois
                  | rC++ Str-5 Stlth-} (You took it off an orc wizard on level
                  | 9 of the Dungeon)
  6788 | D:9      | Found a runed gate.
  6789 | D:9      | Found an opulent altar of Gozag.
  6790 | D:9      | Found a runed gate.
  6790 | D:9      | Found a runed gate.
  6791 | D:9      | Noticed starlightdreams's ghost (journeyman MiBe)
  6803 | D:9      | Found Hime's Assorted Antiques.
  6836 | D:9      | Found a staircase to the Lair.
  7244 | D:8      | Noticed a green ugly thing
  7256 | D:8      | Killed a green ugly thing
  7398 | D:8      | Found a sand-covered staircase.
  7410 | Ossuary  | Entered an ossuary
  7421 | Ossuary  | Received a gift from Trog
  7592 | D:8      | Found a blossoming altar of Fedhas.
  7605 | D:8      | Reached skill level 8 in Fighting
  7638 | D:8      | Found a basalt altar of Yredelemnul.
  7767 | D:8      | Reached skill level 1 in Stealth
  7793 | D:8      | Reached XP level 11. HP: 60/68 MP: 11/11
  8026 | D:8      | Found a blossoming altar of Fedhas.
  8424 | D:7      | Found a sacrificial altar of Ru.
  8723 | D:10     | Entered Level 10 of the Dungeon
  8779 | D:10     | Noticed a two-headed ogre
  8794 | D:10     | Killed a two-headed ogre
  8992 | D:10     | Noticed Sonja
  9014 | D:10     | Killed Sonja
  9630 | D:11     | Noticed a skeletal warrior
  9630 | D:11     | Noticed a skeletal warrior
  9630 | D:11     | Noticed a skeletal warrior
  9648 | D:11     | Killed a skeletal warrior
  9664 | D:11     | Killed a skeletal warrior
  9673 | D:11     | Killed a skeletal warrior
  9771 | D:11     | Noticed a skeletal warrior
  9771 | D:11     | Noticed a skeletal warrior
  9784 | D:11     | Killed a skeletal warrior
  9784 | D:11     | Reached skill level 9 in Fighting
  9793 | D:11     | Killed a skeletal warrior
  9874 | D:11     | Found a deep blue altar of Sif Muna.
  9940 | D:11     | Noticed a five-headed hydra
  9941 | D:11     | Noticed a purple ugly thing
  9949 | D:11     | Killed a one-headed hydra
  9955 | D:11     | Killed a purple ugly thing
 10135 | D:11     | Found a labyrinth entrance.
 10139 | D:11     | Found Orycown's General Store.
 10162 | Lab      | Entered a labyrinth
 10902 | Lab      | Paralysed by fainting for 12 turns
 10933 | Lab      | Paralysed by fainting for 10 turns
 10949 | Lab      | Paralysed by fainting for 11 turns
 11230 | Lab      | Identified a scroll of acquirement
 12293 | Lab      | Noticed a minotaur
 12308 | Lab      | Killed a minotaur
 12308 | Lab      | Reached XP level 12. HP: 41/76 MP: 12/12
 12310 | Lab      | Got a vibrating ivory ring
 12311 | Lab      | Got a jacinth-encrusted plate armour
 12354 | Lab      | Identified the Disquisition on Enchanting Transmutation
 12397 | D:11     | Identified the +2 plate armour of the Game of Life {MR++}
                  | (You took it off a minotaur in a labyrinth)
 12437 | D:11     | Received a gift from Trog
 12482 | D:11     | Noticed a seven-headed hydra
 12488 | D:11     | Killed a two-headed hydra
 12536 | D:11     | Found a runed door.
 12752 | D:11     | Noticed a two-headed ogre
 12762 | D:11     | Killed a two-headed ogre
 12917 | D:11     | Identified the ring of the Establishment {MR+ Dex+3} (You
                  | took it off a minotaur in a labyrinth)
 13333 | Lair:1   | Entered Level 1 of the Lair of Beasts
 13555 | Lair:1   | Reached skill level 10 in Fighting
 13607 | Lair:1   | Reached skill level 10 in Armour
 13618 | Lair:1   | Got a steaming iron ring
 13620 | Lair:1   | Identified the ring of Ditillith {+Blink Str-4 Dex+8 SInv}
                  | (You found it on level 1 of the Lair of Beasts)
 14156 | Lair:1   | Found a deep blue altar of Sif Muna.
 14591 | Lair:2   | Found a staircase to the Shoals.
 15104 | Lair:3   | Noticed a four-headed hydra
 15114 | Lair:3   | Killed a one-headed hydra
 15121 | Lair:3   | Reached XP level 13. HP: 75/84 MP: 13/13
 15198 | Lair:3   | Received a gift from Trog
 15199 | Lair:3   | Reached skill level 11 in Fighting
 15650 | Lair:3   | Found a staircase to the Snake Pit.
 16396 | Lair:4   | Gained mutation: Your spells are a little easier to cast,
                  | but a little less powerful. [potion of mutation]
 16396 | Lair:4   | Gained mutation: You have large cloven feet. [potion of
                  | mutation]
 16396 | Lair:4   | Gained mutation: You possess an exceptional clarity of
                  | mind. [potion of mutation]
 16396 | Lair:4   | Gained mutation: Your muscles are strong. (Str +2) [potion
                  | of mutation]
 16793 | Lair:4   | Noticed an entropy weaver
 16809 | Lair:4   | Killed an entropy weaver
 16811 | Lair:4   | Reached skill level 12 in Fighting
 17070 | Lair:4   | Noticed an entropy weaver
 17090 | Lair:4   | Killed an entropy weaver
 17668 | Lair:5   | Received a gift from Trog
 17682 | Lair:5   | Reached skill level 15 in Axes
 17725 | Lair:5   | Gained mutation: Your large and strong wings let you fly
                  | indefinitely. [Gargoyle growth]
 17725 | Lair:5   | Reached XP level 14. HP: 92/92 MP: 9/14
 18507 | Lair:6   | Entered Level 6 of the Lair of Beasts
 18508 | Lair:6   | Noticed Nessos
 18528 | Lair:6   | Killed Nessos
 18817 | Lair:6   | Found a staircase to the Slime Pits.
 18929 | Lair:6   | Reached skill level 13 in Fighting
 19120 | Lair:6   | Reached ****** piety under Trog
 19193 | Lair:6   | Received a gift from Trog
 20043 | Lair:6   | Received a gift from Trog
 20218 | Lair:6   | Reached skill level 14 in Fighting
 20588 | D:9      | Killed starlightdreams's ghost
 20765 | D:11     | Reached XP level 15. HP: 40/100 MP: 15/15
 21934 | D:12     | Noticed Urug
 21950 | D:12     | Killed Urug
 23155 | D:14     | Noticed Rupert
 23176 | D:14     | Killed Rupert
 23181 | D:14     | Received a gift from Trog
 23274 | D:14     | Found a portal to a secret trove of treasure.
 23633 | D:14     | Reached skill level 15 in Fighting
 24631 | D:14     | Found a gate to the Vaults.
 24788 | D:15     | Entered Level 15 of the Dungeon
 24925 | D:15     | Reached XP level 16. HP: 91/108 MP: 16/16
 24941 | D:15     | Received a gift from Trog
 25103 | D:15     | Got a translucent battleaxe
 25104 | D:15     | Identified the +9 battleaxe of Nealot {venom, rElec rF++
                  | Str+4 Int-5} (You found it on level 15 of the Dungeon)
 25221 | D:15     | Found a staircase to the Depths.
 25539 | Depths:1 | Entered Level 1 of the Depths
 25573 | Depths:1 | Found a one-way gate leading to the halls of Pandemonium.
 25607 | Depths:1 | Reached skill level 16 in Fighting
 25936 | Depths:1 | Found a sparkling altar of Nemelex Xobeh.
 26633 | Depths:1 | Reached skill level 15 in Armour
 26638 | Depths:1 | Received a gift from Trog
 26638 | Depths:1 | Reached skill level 17 in Fighting
 27668 | Orc:1    | Entered Level 1 of the Orcish Mines
 27713 | D:9      | Bought 2 potions of heal wounds for 320 gold pieces
 27713 | D:9      | Bought a scroll of brand weapon for 640 gold pieces
 27713 | D:9      | Bought a potion of heal wounds for 160 gold pieces
 28119 | Orc:1    | Reached XP level 17. HP: 83/117 MP: 17/17
 28315 | Orc:2    | Entered Level 2 of the Orcish Mines
 28315 | Orc:2    | Found a staircase to the Elven Halls.
 29001 | Orc:2    | Found Oschuale's Magic Scroll Shoppe.
 29023 | Orc:2    | Bought a scroll of teleportation for 42 gold pieces
 29023 | Orc:2    | Bought a scroll of holy word for 105 gold pieces
 29023 | Orc:2    | Bought a scroll of teleportation for 42 gold pieces
 29038 | Orc:2    | Found an ancient bone altar of Kikubaaqudgha.
 29051 | Orc:2    | Received a gift from Trog
 29064 | Orc:2    | Found Deruc's Antique Armour Emporium.
 29088 | Orc:2    | Noticed Erolcha
 29092 | Orc:2    | Found a radiant altar of Vehumet.
 29107 | Orc:2    | Killed Erolcha
 29162 | Orc:2    | Found a roughly hewn altar of Beogh.
 29162 | Orc:2    | Found Umnobist's Antique Armour Emporium.
 29174 | Orc:2    | Found Itziypp's Gadget Shoppe.
 29434 | Snake:1  | Entered Level 1 of the Snake Pit
 29555 | Snake:1  | Reached skill level 5 in Dodging
 30619 | Snake:2  | Got a wavering turquoise ring
 31289 | Snake:2  | Received a gift from Trog
 31901 | Snake:3  | Reached skill level 18 in Fighting
 32665 | Snake:3  | Identified the ring "Rofon" {rN+ Dex+6} (You found it on
                  | level 2 of the Snake Pit)
 33289 | Snake:3  | Reached XP level 18. HP: 84/125 MP: 12/18
 33632 | Snake:4  | Entered Level 4 of the Snake Pit
 33899 | Snake:4  | Received a gift from Trog
 34652 | Snake:4  | Received a gift from Trog
 35224 | Snake:4  | Reached skill level 19 in Fighting
 35500 | Snake:4  | Got a serpentine rune of Zot
 35889 | Shoals:1 | Entered Level 1 of the Shoals
 35954 | Shoals:1 | Received a gift from Trog
 37858 | Shoals:2 | Received a gift from Trog
 37861 | Shoals:2 | Got a crude executioner's axe {god gift}
 37862 | Shoals:2 | Identified the +5 executioner's axe "Tukomm" {venom, rC+
                  | Str+2 Int+4 Dex+2} (Trog gifted it to you on level 2 of the
                  | Shoals)
 38229 | Shoals:2 | Reached XP level 19. HP: 131/133 MP: 19/19
 38812 | Shoals:3 | Noticed Roxanne
 38812 | Shoals:3 | Noticed Ilsuiw
 38850 | Shoals:3 | Killed Ilsuiw
 39920 | Shoals:4 | Entered Level 4 of the Shoals
 40041 | Shoals:4 | Got a smoking bone ring
 40256 | Shoals:4 | Identified the ring of Hoff {+Fly rElec rC+} (You found it
                  | on level 4 of the Shoals)
 40431 | Shoals:4 | Received a gift from Trog
 40569 | Shoals:4 | Got a smoking cloak
 40575 | Shoals:4 | Identified the +0 cloak of the Eight Ghosts {Str+2} (You
                  | found it on level 4 of the Shoals)
 41160 | Shoals:4 | Got a barnacled rune of Zot
 42015 | Elf:1    | Entered Level 1 of the Elven Halls
 42025 | Elf:1    | Received a gift from Trog
 42346 | Elf:1    | Reached skill level 20 in Fighting
 42366 | Elf:1    | Identified the Compendium of the Entourage
 42728 | Elf:1    | Found a runed door.
 42768 | Elf:1    | Noticed Reucromp's ghost (adept MiFi)
 42959 | Elf:1    | Received a gift from Trog
 43609 | Elf:1    | Killed Reucromp's ghost
 43732 | Elf:2    | Gained mutation: You are dopey. (Int -2) [a neqoxec]
 43741 | Elf:2    | Reached XP level 20. HP: 92/141 MP: 20/20
 43869 | Elf:2    | Received a gift from Trog
 44062 | Elf:2    | Found a runed gate.
 44063 | Elf:2    | Found a runed gate.
 44064 | Elf:2    | Found a runed gate.
 44468 | Elf:2    | Noticed a Tzitzimitl
 44488 | Elf:2    | HP: 7/142 [hand axe of flaming (2)]
 44500 | Elf:2    | Received a gift from Trog
 44574 | Elf:2    | HP: 5/142 [deep elf knight/orb of energy (33)]
 45485 | Elf:3    | Entered Level 3 of the Elven Halls
 46051 | Elf:3    | Found Deck's Antique Armour Emporium.
 46084 | Elf:3    | Found an opulent altar of Gozag.
 46562 | Elf:3    | Reached skill level 21 in Fighting
 47772 | Elf:3    | Reached XP level 21. HP: 110/148 MP: 21/21
 47807 | Elf:3    | Found a runed gate.
 48384 | Elf:3    | Identified Fapti's Papyrus of the Compass
 48446 | Elf:3    | Found a runed gate.
 48446 | Elf:3    | Found a runed gate.
 48450 | Elf:3    | Received a gift from Trog
 48452 | Elf:3    | Noticed topirishpotato's ghost (adept GrFi)
 48693 | Slime:1  | Entered Level 1 of the Pits of Slime
 48750 | Lair:6   | Slain by an acid blob

Skill      XL: |  1  2  3  4  5  6  7  8  9 10 11 12 13 14 15 16 17 18 19 20 21 |
---------------+----------------------------------------------------------------+-----
Axes           | 3 4 5 6 8 10 12 13 14 15 16 17 18 19 20 | 20.8
Dodging        | 2 3 4 5 |  5.8
Fighting       | 4 5 7 8 9 10 12 14 15 17 18 19 20 21 | 21.4
Armour         | 3 4 5 6 9 10 12 13 14 15 16 17 18 19 | 19.0
Stealth        | 1 2 3 4 |  4.3

Action                   |  1- 3 |  4- 6 |  7- 9 | 10-12 | 13-15 | 16-18 | 19-21 || total
-------------------------+-------+-------+-------+-------+-------+-------+-------++-------
Melee: Hand axe          |   118 |    22 |       |   557 |  1308 |  1611 |  1013 ||  4629
       War axe           |       |   181 |   439 |    33 |       |       |       ||   653
       Battleaxe         |       |       |       |       |       |     7 |    98 ||   105
       Executioner's axe |       |       |       |       |       |       |    21 ||    21
       Broad axe         |       |       |       |       |       |       |     7 ||     7
Invok: Berserk           |     1 |     2 |     3 |     7 |    11 |    15 |    12 ||    51
       Brothers in Arms  |       |       |       |       |     2 |     7 |     4 ||    13
 Abil: Fly               |       |       |       |       |     1 |       |       ||     1
       Evoke Blink       |       |       |       |       |       |     1 |       ||     1
  Use: Scroll            |       |       |       |    20 |    11 |    10 |    10 ||    51
       Potion            |       |       |       |       |     9 |     5 |     7 ||    21
 Stab: Distracted        |       |       |       |       |       |       |     1 ||     1
  Eat: Chunk             |     4 |     5 |     9 |    13 |    33 |    29 |    21 ||   114
       Ration            |       |     1 |     1 |     6 |     3 |     9 |     7 ||    27
Armor: Animal skin       |    36 |       |       |       |       |       |       ||    36
       Ring mail         |    15 |   109 |     5 |       |       |       |       ||   129
       Plate armour      |       |       |   445 |   273 |   878 |   880 |   760 ||  3236
Dodge: Dodged            |    88 |   145 |   252 |   177 |   594 |   758 |   602 ||  2616
